 Dungeon Crawl Stone Soup version 0.19-a0-994-g3c636f0 (webtiles) character file.

2143 4thArraOfDagon the Summoner (level 8, -7/59 HPs)
             Began as a Demigod Summoner on July 16, 2016.
             Mangled by an unseen horror (10 damage)
             ... on level 9 of the Dungeon.
             The game lasted 00:24:58 (3850 turns).

4thArraOfDagon the Summoner (Demigod Summoner)      Turns: 3850, Time: 00:24:58

Health: -7/59      AC:  3    Str: 15    XL:     8   Next: 83%
Magic:  19/19      EV: 13    Int: 23    God:
Gold:   0          SH:  6    Dex: 16    Spells: 4 memorised, 5 levels left

rFire  . . .     SeeInvis .     A - +2 hand axe (elec)
rCold  + . .     Gourm    .     a - +0 robe
rNeg   . . .     Faith    .     (no shield)
rPois  .         Spirit   .     (no helmet)
rElec  .         Dismiss  .     (no cloak)
rCorr  .         Reflect  +     (no gloves)
SustAt +         Harm     .     G - +0 pair of boots
MR     .....                    H - +6 amulet of reflection
Stlth  ++........               w - ring of protection from cold
                                u - +4 ring of strength

@: drained, not resistant to hostile enchantments, unstealthy
A: high mp 1, sustain attributes
a: no special abilities


You were on level 9 of the Dungeon.
You were not hungry.

You visited 1 branch of the dungeon, and saw 10 of its levels.

You collected 375 gold pieces.
You spent 375 gold pieces at shops.

Inventory:

Hand Weapons
 d - a -2 short sword
 g - a +1 dagger of venom
 i - a +0 flail
 l - a +2 trident of freezing
 o - a +0 long sword
 A - a +2 hand axe of electrocution (weapon)
 K - a +2 war axe
Armour
 a - a +0 robe (worn)
 e - a +0 ring mail
 G - a +0 pair of boots (worn)
 I - a cursed +0 scale mail
Jewellery
 u - a +4 ring of strength (left hand)
 w - a ring of protection from cold (right hand)
 H - a +6 amulet of reflection (around neck)
Wands
 v - a wand of iceblast (10/15)
Scrolls
 h - a scroll of enchant weapon {unknown}
 q - a scroll of immolation
 s - a scroll of recharging {unknown}
 y - 2 scrolls of random uselessness {unknown}
 z - a scroll of fog
 C - 4 scrolls of remove curse
 D - a scroll of teleportation
 E - 3 scrolls of noise {unknown}
Potions
 j - a potion of heal wounds
 m - 2 potions of flight
 n - 2 potions of might
 p - a potion of magic
 r - a potion of curing
 t - 2 potions of degeneration {unknown}
 x - a potion of agility {unknown}
 F - a potion of lignification {unknown}
 J - a potion of cancellation {unknown}
Books
 b - a book of Callings

   Spells                             Type                      Level
   a - Summon Small Mammal            Summoning                    1
   b - Call Imp                       Summoning                    2
   c - Call Canine Familiar           Summoning                    3
   d - Summon Guardian Golem          Hexes/Summoning              3
   e - Summon Lightning Spire         Summoning/Air                4
   f - Summon Ice Beast               Ice/Summoning                4
Comestibles
 c - 5 bread rations
 f - a slice of pizza
 k - 2 meat rations
 L - 2 chunks of flesh


   Skills:
 + Level 1.1 Fighting
 - Level 0.3(0.2) Axes
 + Level 1.0(0.9) Armour
 + Level 2.4(2.3) Dodging
 - Level 1.7 Stealth
 - Level 5.0(4.9) Spellcasting
 - Level 10.0(9.9) Summonings


You had 5 spell levels left.
You knew the following spells:

 Your Spells              Type           Power        Failure   Level  Hunger
a - Summon Small Mammal   Summ           ####         1%          1    None
b - Call Canine Familiar  Summ           ######..     1%          3    ##.....
c - Summon Lightning Spi  Summ/Air       ####....     14%         4    ####...
d - Summon Ice Beast      Ice/Summ       ####....     14%         4    ####...


Dungeon Overview and Level Annotations

Branches:
Dungeon (10/15)            Temple (0/1) D:5            Lair (0/6) D:9
    Orc: D:9-12

Shops:
D:5 =


Innate Abilities, Weirdness & Mutations

You have an increased reservoir of magic. (+10% MP)
Your attributes are resistant to harm.


Message History

The yak struggles against the net.
The gnoll hits you with a spear.
* * * LOW HITPOINT WARNING * * *
Unknown command.
Unknown command.
Something hits you!
* * * LOW HITPOINT WARNING * * *
The yak struggles against the net.
The gnoll barely misses you.
Unknown command.
Unknown command.
You feel better. Something hits you!
* * * LOW HITPOINT WARNING * * *
You block the gnoll's attack.
The yak struggles against the net.
Unknown command.
Throwing (i - inventory):
B - a throwing net (quivered)
Press: ? - help, Shift-Dir - straight line, f - gnoll, p - yak
Aim: a gnoll, wielding a spear You throw a throwing net.
The throwing net barely misses the gnoll.
Something hits you!
You die...

#.# #...# #..#
#.# #...# #..#
#.# #...#
#..############
.# #...#
#.............#
#.# #...#
#.............#
###.# #...#
#..############
....# #...#
#..# ....#
#.[)######..#
.<..#
#.)....>@...#
##..#
#.....†..g>Y#
#..#
#)..#######.#
#..#####.).#
#.#
#........).#
#.#
#..........#
#.#
#..........#
#.#
#...####...##
#.#
#..####.)...###
#.#


You could see a yak (caught) and a gnoll.

Vanquished Creatures
  An ogre (D:9)
  A necrophage (D:7)
  A wight (D:8)
  A hound (D:8)
  An iguana (D:9)
  2 worker ants
  An adder (D:7)
  An ooze (D:5)
  An adder skeleton (D:5)
  2 giant geckos (D:5)
  4 orcs
  A quokka (D:4)
  A bat (D:2)
  2 giant newts
  A jackal skeleton (D:4)
  2 rats
23 creatures vanquished.

Vanquished Creatures (collateral kills)
  A hill giant (D:8)
  The ghost of Charly the Slasher, a novice HaBe of Trog (D:8)
  A two-headed ogre (D:9)
  A hippogriff (D:8)
  2 wargs (D:9)
  2 orc warriors (D:9)
  A necrophage (D:8)
  3 ogres
  2 ice beasts
  A centaur (D:8)
  3 giant frogs
  A gnoll sergeant (D:8)
  A scorpion (D:4)
  A killer bee (D:9)
  4 wights (D:8)
  2 howler monkeys
  5 crimson imps
  A centaur zombie (D:6)
  2 orc priests (D:9)
  3 hounds
  A giant frog skeleton (D:4)
  2 orc wizards
  A centaur skeleton (D:6)
  2 iguanas (D:4)
  3 worker ants
  A killer bee zombie (D:9)
  4 gnolls (D:8)
  5 adders
  An adder zombie (D:6)
  An adder skeleton (D:9)
  A giant gecko (D:7)
  5 orcs
  A hobgoblin (D:3)
  A quokka (D:7)
  A kobold (D:1)
  A rat (D:3)
69 creatures vanquished.

Vanquished Creatures (others)
  An orc (D:4)
1 creature vanquished.

Grand Total: 93 creatures vanquished

Notes
Turn   | Place    | Note
-------+----------+-------------------------------------------
     0 | D:1      | 4thArraOfDagon the Demigod Summoner began the quest for the Orb.
     0 | D:1      | Reached XP level 1. HP: 14/14 MP: 5/5
   161 | D:3      | Reached skill level 4 in Summonings
   220 | D:3      | Reached XP level 2. HP: 18/20 MP: 5/7
   352 | D:4      | Noticed an ogre
   402 | D:4      | Turgon: Hi, will you play Dg of Ash - or why did you curse your sword?
   402 | D:4      | Killed an ogre
   402 | D:4      | Reached skill level 5 in Summonings
   402 | D:4      | Reached XP level 3. HP: 26/26 MP: 4/8
   407 | D:4      | Learned a level 3 spell: Call Canine Familiar
   459 | D:4      | Reached XP level 4. HP: 31/33 MP: 2/9
   550 | D:5      | Entered Level 5 of the Dungeon
   735 | D:4      | Reached skill level 6 in Summonings
   735 | D:4      | Reached XP level 5. HP: 24/38 MP: 2/10
   900 | D:5      | Found Ryemir's Jewellery Emporium.
   908 | D:5      | 4thArraOfDagon: hi
  1042 | D:6      | Noticed an ice beast
  1061 | D:6      | Killed an ice beast
  1073 | D:6      | Learned a level 4 spell: Summon Lightning Spire
  1218 | D:6      | Reached XP level 6. HP: 18/45 MP: 7/12
  1246 | D:6      | zero: hello
  1408 | D:5      | Found a staircase to the Ecumenical Temple.
  1618 | D:7      | Reached skill level 7 in Summonings
  1968 | D:8      | Noticed Charly's ghost (novice HaBe)
  2038 | D:7      | Found a deep blue altar of Sif Muna.
  2330 | D:8      | Reached XP level 7. HP: 16/50 MP: 3/14
  2427 | D:8      | Reached skill level 8 in Summonings
  2599 | D:8      | Noticed a hill giant
  2617 | D:8      | Killed a hill giant
  2812 | D:8      | Killed Charly's ghost
  2812 | D:8      | Reached skill level 9 in Summonings
  2812 | D:8      | Reached XP level 8. HP: 57/57 MP: 1/17
  2814 | D:8      | ty
  2818 | D:8      | rip bud
  2828 | D:8      | Learned a level 4 spell: Summon Ice Beast
  3157 | D:9      | Noticed a two-headed ogre
  3161 | D:9      | Killed a two-headed ogre
  3232 | D:9      | HP: 1/57 [warg (9)]
  3253 | D:9      | Reached skill level 5 in Spellcasting
  3272 | D:9      | Reached skill level 10 in Summonings
  3274 | D:9      | Found a staircase to the Lair.
  3603 | D:5      | Bought a +6 amulet of reflection for 375 gold pieces
  3725 | D:9      | Reached skill level 1 in Fighting
  3725 | D:9      | Reached skill level 1 in Armour
  3801 | D:10     | Entered Level 10 of the Dungeon
  3850 | D:9      | Mangled by an unseen horror

Vault maps used:
D:1:      scummos_arrival_hexagon, minmay_unequal
D:2:      first_bread
D:3:      due_unseen_surprise
D:4:      uniq_edmund
D:5:      serial_shops, shop, minmay_shop_grid_forest
D:7:      marbit_many_paths
D:8:      the_bakery, uniq_pikel
D:9:      erik_lair_orcish_takeover
D:10:     kennysheep_orc_monster_closet_entryway

Skill      XL: |  1  2  3  4  5  6  7  8 |
---------------+-------------------------+-----
Summonings     | 4 5 6 7 9 10 | 10.0
Spellcasting   | 2 3 4 5 |  5.0
Dodging        | 2 |  2.4
Fighting       | 1 |  1.1
Armour         | 1 |  1.0
Axes           | |  0.3
Stealth        | |  1.7

Action                   |  1- 3 |  4- 6 |  7- 9 || total
-------------------------+-------+-------+-------++-------
Melee: Short sword       |    23 |    33 |       ||    56
       Unarmed           |     4 |       |       ||     4
       Dagger            |       |    56 |    39 ||    95
       Hand axe          |       |       |    16 ||    16
Throw: Throwing net      |       |       |     3 ||     3
 Cast: Summon Small Mamm |    24 |    21 |     8 ||    53
       Call Canine Famil |     2 |    20 |    21 ||    43
       Summon Lightning  |       |     2 |    13 ||    15
  Use: Potion            |     2 |     3 |     5 ||    10
       Scroll            |       |     8 |       ||     8
 Stab: Sleeping          |     1 |     2 |     1 ||     4
       Distracted        |       |     2 |     2 ||     4
  Eat: Chunk             |       |     7 |     8 ||    15
       Fruit             |       |       |     3 ||     3
Armor: Robe              |    12 |    12 |     8 ||    32
Dodge: Dodged            |    31 |    61 |    35 ||   127
Block: Other             |       |       |     3 ||     3
